 Dungeon Crawl Stone Soup version 0.28-a0-413-gde365fb1df (webtiles) character file.

Game seed: 18315496331411411527

672 lunkers the Ruffian (level 7, -4/71 HPs)
             Began as a Troll Cinder Acolyte on Sept 7, 2021.
             Was a High Priest of Ignis.
             Slain by a killer bee (9 damage)
             ... on level 5 of the Dungeon.
             The game lasted 00:05:05 (3568 turns).

lunkers the Ruffian (Troll Cinder Acolyte)          Turns: 3568, Time: 00:05:06

Health: -4/71      AC:  1    Str: 23    XL:     7   Next: 32%
Magic:  7/7        EV:  9    Int: 10    God:    Ignis [*****.]
Gold:   235        SH:  0    Dex:  7    Spells: 8/8 levels left

rFire   + . .      SeeInvis .     - Unarmed
rCold   . . .      Faith    .   (no shield)
rNeg    . . .      Spirit   .   a - +0 robe
rPois   .          Reflect  .   (helmet restricted)
rElec   .          Harm     .   g - +0 cloak
rCorr   .          Rampage  .   (gloves unavailable)
Will    .....                   (boots unavailable)
Stlth   +.........              (no amulet)
HPRegen 1.21/turn               (no ring)
MPRegen 0.10/turn               (no ring)

@: mighty, lethally poisoned (-4 -> -5), corroded
A: large, unfitting armour, claws 3, regeneration 1, shaggy fur 1, tough skin 1
a: Renounce Religion, Sea of Fire, Foxfire Swarm, Rising Flame


You were on level 5 of the Dungeon.
You worshipped Ignis.
Ignis was extremely pleased with you.
You visited 1 branch of the dungeon, and saw 5 of its levels.

You collected 235 gold pieces.

Inventory:

Missiles
 n - 2 throwing nets
Armour
 a - a +0 robe (worn)
 g - a +0 cloak (worn)
Wands
 k - a wand of flame (22)
 v - a wand of iceblast (7)
Scrolls
 c - a scroll of teleportation {unknown}
 d - 2 scrolls of enchant armour {unknown}
 i - a scroll of enchant weapon {unknown}
 j - a scroll of summoning {unknown}
 m - a scroll of immolation {unknown}
 o - 2 scrolls of magic mapping {unknown}
 q - a scroll of vulnerability {unknown}
 s - a scroll of noise {unknown}
 u - 2 scrolls of fear {unknown}
 w - 5 scrolls of identify {unknown}
 y - a scroll of silence {unknown}
Potions
 b - 2 potions of might
 e - 3 potions of cancellation {unknown}
 f - a potion of ambrosia {unknown}
 h - a potion of degeneration {unknown}
 l - a potion of flight {unknown}
 p - 3 potions of curing {unknown}
 r - a potion of resistance {unknown}
 t - 2 potions of invisibility {unknown}
 x - 2 potions of lignification {unknown}


   Skills:
 + Level 4.5 Fighting
 * Level 7.2 Unarmed Combat
 - Level 1.0 Spellcasting
 - Level 2.1 Fire Magic


You had 8 spell levels left.
You didn't know any spells.
Your spell library contained the following spells:

 Spells                   Type           Power      Damage    Failure   Level
 Scorch                   Fire           8%         2d5       22%         2
 Animate Skeleton         Necr           0%         N/A       34%         1
 Pain                     Necr           0%         1d4       34%         1
 Vampiric Draining        Necr           0%         2d6       71%         3


Dungeon Overview and Level Annotations

Branches:
Dungeon (5/15)
 Temple: D:4-7

Altars:
Dithmenos
Hepliaklqana
Qazlal
Trog
Vehumet
Xom

Annotations:
D:4 2 transporters, Jamsdnucbuo's ghost, amateur DsAr


Innate Abilities, Weirdness & Mutations

You are too large for most types of armour.
You have claws for hands.
Your natural rate of healing is unusually fast.
You are covered in fur. (AC +1)
You have tough skin. (AC +1)


Message History

You scratch the killer bee.
The killer bee is almost dead.
You feel sick.
The killer bee stings you but does no damage.
The killer bee stings you.
You claw the killer bee!
You kill the killer bee!
You feel sick. The killer bee stings you.
You are more poisoned.
The killer bee poisons you!
You miss the killer bee.
You feel sick. The killer bee stings you. The killer bee stings you!
* * * LOW HITPOINT WARNING * * *
You are more poisoned.
The killer bee poisons you!
You scratch the jelly. The acid corrodes you!
Your claws burn!
* * * LOW HITPOINT WARNING * * *
The jelly is lightly wounded.
You feel very sick. The killer bee closely misses you. The jelly hits you.
* * * LOW HITPOINT WARNING * * *
You are splashed with acid!
* * * LOW HITPOINT WARNING * * *
You claw the jelly!
Your claws burn!
* * * LOW HITPOINT WARNING * * *
The jelly is heavily wounded.
You feel very sick. The killer bee stings you.
* * * LOW HITPOINT WARNING * * *
The killer bee barely misses you. The jelly closely misses you.
You mangle the jelly!!
You kill the jelly!
You feel sick. The killer bee stings you.
* * * LOW HITPOINT WARNING * * *
The killer bee closely misses you.
It was a potion of might.
You feel very mighty all of a sudden.
You feel very sick. The killer bee stings you!
You die...

. ..#######
.........
#y.y....######.
#..y.......... #.#
#+##.# #.##y# #
#.##@# # ##.##.# #
#####...#.###... #
#..#............# #
###.......#####....
# #........##### ##
# #........#.... #
##..........# #
.......)..###


You could see a killer bee.

Vanquished Creatures
  A black bear (D:5)
  A scorpion (D:5)
  2 killer bees (D:5)
  A jelly (D:5)
  A centaur zombie (D:5)
  A bullfrog zombie (D:5)
  3 hounds (D:5)
  2 iguanas
  A killer bee zombie (D:5)
  3 gnolls (D:3)
  5 adders
  An ufetubus (D:4)
  2 worms
  2 dart slugs
  3 orcs
  10 endoplasms
  5 giant cockroaches
  8 goblins
  3 hobgoblins
  4 jackals
  3 quokkas
  7 ball pythons
  11 bats
  A frilled lizard (D:1)
  8 kobolds
  4 rats
93 creatures vanquished.

Vanquished Creatures (others)
  14 plants (D:3)
14 creatures vanquished.

Grand Total: 107 creatures vanquished

Notes
Turn   | Place    | Note
-------+----------+-------------------------------------------
     0 | D:1      | lunkers the Troll Cinder Acolyte began the quest for the
                  | Orb.
     0 | D:1      | Reached XP level 1. HP: 22/22 MP: 1/1
    68 | D:1      | Found a faded altar of an unknown god.
   132 | D:1      | Reached XP level 2. HP: 29/29 MP: 2/2
   705 | D:1      | Reached XP level 3. HP: 32/36 MP: 3/3
   826 | D:2      | Found a shadowy altar of Dithmenos.
   828 | D:2      | Reached skill level 4 in Unarmed Combat
  1241 | D:2      | Reached XP level 4. HP: 43/45 MP: 4/4
  1743 | D:3      | Found a radiant altar of Vehumet.
  1906 | D:3      | Reached skill level 5 in Unarmed Combat
  1921 | D:3      | Reached XP level 5. HP: 50/53 MP: 5/5
  1958 | D:3      | Noticed a shadow
  1959 | D:3      | Found a shadowy altar of Dithmenos.
  1960 | D:3      | Found a hazy altar of Hepliaklqana.
  2563 | D:4      | Noticed Jamsdnucbuo's ghost (amateur DsAr)
  2580 | D:4      | Found a transporter.
  2636 | D:4      | Found a shimmering altar of Xom.
  2638 | D:4      | Found a shimmering altar of Xom.
  2639 | D:4      | Found a shimmering altar of Xom.
  2671 | D:4      | Found a shimmering altar of Xom.
  2671 | D:4      | Found a shimmering altar of Xom.
  2715 | D:4      | Found a stormy altar of Qazlal.
  2804 | D:4      | Found a shimmering altar of Xom.
  2807 | D:4      | Found a shimmering altar of Xom.
  2809 | D:4      | Found a shimmering altar of Xom.
  2889 | D:4      | Found a transporter.
  2936 | D:5      | Entered Level 5 of the Dungeon
  3006 | D:5      | Noticed a black bear
  3013 | D:5      | Killed a black bear
  3014 | D:5      | Reached skill level 6 in Unarmed Combat
  3014 | D:5      | Reached XP level 6. HP: 51/62 MP: 6/6
  3127 | D:5      | Found a bloodstained altar of Trog.
  3359 | D:5      | Reached XP level 7. HP: 70/70 MP: 7/7
  3557 | D:5      | Reached skill level 7 in Unarmed Combat
  3568 | D:5      | Slain by a killer bee

Illustrated notes

Levels and vault maps discovered:
D:1:      saegor_arrival_simple_a, layout_loops_ring,
          hellmonk_ecumenical_altar_arch_garden, minmay_door_square
D:2:      layout_basic, basic_altar, minmay_distorted
D:3:      layout_loops_ring, riverfiend_overflow_shadow_ancestor,
          mainiacjoe_overflow_surrounded_room, st_stairs_9,
          serial_bayou_lagoon_b
D:4:      layout_cave_pools, kennysheep_little_box, xom_redecorated,
          gammafunk_ghost_stat_death, minmay_misc_feat_pillars
D:5:      layout_loops_corners, grunt_temple_overflow_order_and_chaos_2,
          lemuel_coloured_pillars_altar, overflow_temple_1_default,
          mainiacjoe_overflow_cross_hatched, uniq_sigmund

Skill      XL: |  1  2  3  4  5  6  7 |
---------------+----------------------+-----
Unarmed Combat | 4 5 6 7 |  7.2
Fighting       | 3 4 |  4.5
Spellcasting   | |  1.0
Fire Magic     | |  2.1

Action                   |  1- 3 |  4- 6 |  7- 9 || total
-------------------------+-------+-------+-------++-------
Melee: Unarmed           |   106 |   129 |    25 ||   260
       Punch             |       |     1 |       ||     1
  Use: Potion            |       |       |     1 ||     1
Armor: Robe              |    27 |    41 |     8 ||    76
Dodge: Dodged            |    40 |    64 |    16 ||   120

Table legend: (Time is in decaauts)
 A = Elapsed time spent in this place.
 B = Non-inter-level travel time spent in this place.
 C = Inter-level travel time spent in this place.
 D = Time resting spent in this place.
 E = Time spent auto-exploring this place.
 F = Levels seen in this place.
 G = Mean time per level.
                   A        B        C        D        E       F      G
               +--------+--------+--------+--------+--------+-----+--------+
         Total |   3564 |   3457 |    107 |      0 |   2858 |   5 |  712.8 |
       Dungeon |   3564 |   3457 |    107 |      0 |   2858 |   5 |  712.8 |
               +--------+--------+--------+--------+--------+-----+--------+

Top non-repeatable levels by time:
     D:2: 832 daAuts
     D:1: 809 daAuts
     D:3: 775 daAuts
     D:5: 624 daAuts
     D:4: 523 daAuts
